Map: Automaton LE

Players

Juxtapose - Winner!

  • Race: Protoss Protoss
  • Spawn Location: 3:00

VOD

https://youtu.be/fC3ePstd8mM

Description

In this match I try expanding far faster than I normally do as Protoss, and I'm pleased with the overall results.

I'd imagine against Zerg it'd be better to get the Nexus after the Cybernetics Core for a proper wall-in to defend against aggressive early Zerglings though.

Time

  • Played on: Dec. 23, 2018, 10:31 a.m.
  • Length: 15:32
Show
View Real Time Build Order
Export as new Build Order

Juxtapose Protoss - Winner!

Build Orders:  

Get SALT Encoding   

  12  0:04  Probe (Chrono Boost)  
  14  0:21  Probe (Chrono Boost)  
  14  0:28  Pylon  
  14  0:38  Probe (Chrono Boost)  
  15  0:56  Probe (Chrono Boost)  
  15  0:58  Gateway  
  16  1:13  Probe (Chrono Boost)  
  17  1:20  Pylon  
  17  1:24  Assimilator  
  18  1:30  Probe (Chrono Boost)  
  18  1:49  Probe (Chrono Boost)  
  20  2:11  Probe (Chrono Boost)  
  20  2:13  Zealot  
  22  2:29  Nexus  
  22  2:32  Probe (Chrono Boost)  
  23  3:01  Cybernetics Core  
  23  3:06  Assimilator  
  23  3:08  Probe (Chrono Boost)  
  24  3:25  Probe (Chrono Boost)  
  26  3:42  Probe (Chrono Boost)  
  26  3:52  Pylon  
  26  3:59  Probe (Chrono Boost)  
  27  4:16  Probe (Chrono Boost)  
  27  4:19  Probe (Chrono Boost)  
  31  4:33  Probe (Chrono Boost)  
  31  4:36  Probe (Chrono Boost)  
  31  4:39  Twilight Council  
  33  4:41  Pylon  
  33  4:49  Robotics Facility  
  33  4:53  Probe (Chrono Boost)  
  34  5:00  Unknown  
  34  5:09  Probe (Chrono Boost)  
  38  5:10  Probe (Chrono Boost)  
  38  5:26  Probe (Chrono Boost)  
  38  5:27  Probe (Chrono Boost)  
  40  5:38  Sentry, Unknown  
  42  5:40  Warp Gate  
  42  5:41  Gateway  
  42  5:42  Probe (Chrono Boost)  
  44  5:52  Immortal, Probe (Chrono Boost)  
  44  5:54  Assimilator  
  44  5:59  Probe (Chrono Boost), Assimilator, Pylon  
  49  6:15  Stalker  
  51  6:23  Charge  
  51  6:43  Gateway  
  51  6:56  Robotics Bay  
  53  7:01  Probe x2 (Chrono Boost)  
  53  7:08  Immortal  
  53  7:18  Probe x2 (Chrono Boost)  
  55  7:21  Pylon  
  59  7:34  Adept x2  
  63  7:46  Probe x2 (Chrono Boost)  
  65  7:50  Pylon  
  65  7:52  Colossus  
  65  7:57  Forge  
  65  8:03  Probe (Chrono Boost)  
  65  8:06  Pylon  
  72  8:17  Zealot  
  72  8:18  Zealot x2  
  78  8:24  Protoss Ground Weapons Level 1  
  78  8:25  Gateway  
  78  8:57  Observer  
  79  9:11  Extended Thermal Lance  
  79  9:14  Immortal, Zealot x2  
  79  9:15  Zealot  
  89  9:34  Unknown  
  89  9:44  Zealot x2  
  93  9:55  Pylon  
  93  10:02  Pylon  
  93  10:06  Colossus  
  93  10:17  Templar Archives  
  99  10:30  Zealot  
  99  10:31  Zealot  
  99  10:32  Adept  
  99  10:33  Adept  
  107  10:43  Nexus  
  107  10:49  Pylon  
  107  10:54  Pylon  
  107  10:55  Protoss Ground Armor Level 1  
  107  11:01  Sentry  
  107  11:09  Gravitic Boosters  
  109  11:20  Immortal  
  109  11:23  Probe x2 (Chrono Boost), Psionic Storm  
  109  11:26  Adept x2  
  109  11:27  Zealot  
  121  11:54  Probe x2 (Chrono Boost)  
  125  12:10  Probe (Chrono Boost)  
  125  12:11  Probe (Chrono Boost)  
  125  12:15  Colossus  
  125  12:22  Pylon  
  123  12:40  Zealot  
  123  12:41  Zealot x3  
  129  13:05  Assimilator  
  129  13:11  Assimilator  
  129  13:15  Probe x3 (Chrono Boost), Pylon  
  132  13:22  High Templar x2  
  132  13:23  High Templar  
  132  13:28  Archon  
  139  13:30  Warp Prism  
  139  13:32  Probe x3 (Chrono Boost)  
Tags
 
Add a new tag
Caveats
  • Supply blocks, unpowered buildings, or Contaminate may cause inaccurate times.
  • Supply counts are checked every 10 seconds.